 Dungeon Crawl Stone Soup version 0.27-a0-695-gb4952372f7 (webtiles) character file.

Game seed: 15150513471984826650

483 Aapotti the Firebug (level 6, -1/45 HPs)
             Began as a Demigod Fire Elementalist on Mar 22, 2021.
             Slain by an iron imp (9 damage)
             ... summoned by Natasha
             ... on level 3 of the Dungeon.
             The game lasted 00:14:21 (4097 turns).

Aapotti the Firebug (Demigod Fire Elementalist)     Turns: 4097, Time: 00:14:22

Health: -1/45      AC:  3    Str:  9    XL:     6   Next: 56%
Magic:  0/13       EV: 12    Int: 25    God:
Gold:   169        SH:  0    Dex: 14    Spells: 7/11 levels left

rFire    . . .     SeeInvis .   e - +1 short sword
rCold    . . .     Faith    .   (no shield)
rNeg     . . .     Spirit   .   a - +1 robe
rPois    .         Reflect  .   (no helmet)
rElec    .         Harm     .   (no cloak)
rCorr    .         Rampage  .   (no gloves)
Will     .....                  (no boots)
Stlth    ++........             (no amulet)
HPRegen  0.15/turn              (no ring)
MPRegen  0.13/turn              (no ring)

@: no status effects
A: high mp 1, forlorn
a: no special abilities


You were on level 3 of the Dungeon.
You visited 1 branch of the dungeon, and saw 3 of its levels.
You also visited: Sewer.

You collected 169 gold pieces.

Inventory:

Hand Weapons
 e - a +1 short sword (weapon)
Armour
 a - a +1 robe (worn)
Jewellery
 d - an amulet of regeneration
Scrolls
 b - 3 scrolls of magic mapping
 h - 2 scrolls of fog
 j - 5 scrolls of teleportation
 n - a scroll of fear
Potions
 c - a potion of magic {unknown}
 f - a potion of brilliance {unknown}
 g - a potion of berserk rage
 k - a potion of curing {unknown}
 l - a potion of heal wounds {unknown}
 m - 7 potions of might {unknown}


   Skills:
 - Level 2.4 Dodging
 - Level 2.6 Stealth
 + Level 3.1 Spellcasting
 + Level 2.9 Conjurations
 * Level 5.1 Fire Magic


You had 7 spell levels left.
You knew the following spells:

 Your Spells              Type           Power      Damage    Failure   Level
a - Foxfire               Conj/Fire      96%        2x1d8     1%          1
b - Conjure Flame         Conj/Fire      24%        6-21      5%          3

Your spell library contained the following spells:

 Spells                   Type           Power      Damage    Failure   Level
 Inner Flame              Hex/Fire       16%        N/A       11%         3
 Sticky Flame             Conj/Fire      24%        2d5       19%         4
 Confusing Touch          Hex            3%         N/A       30%         3
 Gell's Gravitas          Tloc           1%         N/A       30%         3
 Fireball                 Conj/Fire      12%        3d7       45%         5
 Petrify                  Tmut/Erth      3%         N/A       69%         4
 Metabolic Englaciation   Hex/Ice        1%         N/A       95%         5
 Yara's Violent Unravell  Hex/Tmut       1%         3d3       95%         5


Dungeon Overview and Level Annotations

Branches:
Dungeon (3/15)              Sewer (visited)

Shops:
D:2 =*

Annotations:
D:3 Natasha


Innate Abilities, Weirdness & Mutations

Your attributes grow dramatically as you level up.
You have an increased reservoir of magic. (+10% MP)
You shall have no god before yourself.


Message History

The iron imp completely resists.
The foxfire hits the iron imp.
The iron imp completely resists.
Casting: Foxfire (safe; 1% risk of failure)
Confirm with . or Enter, or press ? or * to list all spells.
You don't have enough magic to cast this spell.
Aiming: Paralyse
Press: ? - help, Shift-Dir - straight line, f - Natasha
Aim: Natasha (ally target, chance to affect: 46%) Natasha resists with some effort.
The foxfire hits the iron imp.
The iron imp completely resists.
The foxfire hits Natasha.
Natasha is moderately wounded.
Aiming: Paralyse
Press: ? - help, Shift-Dir - straight line, f/p - Natasha
Aim: Natasha (moderately wounded, chance to affect: 46%) Natasha resists with some effort.
The iron imp barely misses you.
Aiming: Paralyse
Press: ? - help, Shift-Dir - straight line, f/p - Natasha
Aim: Natasha (moderately wounded, chance to affect: 46%) Natasha resists with some effort.
Natasha claws you but does no damage. The iron imp hits you.
Aiming: Paralyse
Press: ? - help, Shift-Dir - straight line, f/p - Natasha
Aim: Natasha (moderately wounded, chance to affect: 46%) Natasha resists with some effort.
Natasha casts a spell at you. The magic dart hits you!
* * * LOW HITPOINT WARNING * * *
The iron imp completely misses you.
Your magical contamination has completely faded away.
Aiming: Paralyse
Press: ? - help, Shift-Dir - straight line, f/p - Natasha
Aim: Natasha (moderately wounded, chance to affect: 46%) Natasha resists with some effort.
The now-empty wand crumbles to dust.
Natasha claws you.
* * * LOW HITPOINT WARNING * * *
Unknown command.
Casting: Foxfire (safe; 1% risk of failure)
Confirm with . or Enter, or press ? or * to list all spells.
You conjure some foxfire!
The iron imp hits you!
You die...

##.....##......#
##..............##
#................#
#................##
#.....>...........# ##
#.................# #.
#.................#######.
#........h5...............
##......v@......#.#...####
##.....v...............>.
#####.........##.####...
#.......#.##.# ##..
#......##.##.# ##.#
#......##.##.####..#
#......##.##..##..##
#......##.###<##.##
#......##.#......#


You could see an iron imp (summoned) and Natasha (ally target).

Vanquished Creatures
  2 bullfrogs (Sewer)
  2 orc priests (D:3)
  Terence (D:2)
  Jessica (D:3)
  Natasha (D:3)
  A gnoll (D:1)
  7 adders
  4 river rats (Sewer)
  2 oozes (Sewer)
  2 worms (D:3)
  A dart slug (D:1)
  5 leopard geckos
  3 orcs (D:3)
  2 giant cockroaches (D:3)
  7 hobgoblins
  10 kobolds
  A quokka (D:1)
  10 ball pythons
  4 bats
  4 frilled lizards
  3 goblins
  38 rats
111 creatures vanquished.

Vanquished Creatures (collateral kills)
  2 foxfires
2 creatures vanquished.

Vanquished Creatures (others)
  288 foxfires
  11 plants (D:1)
299 creatures vanquished.

Grand Total: 412 creatures vanquished

Notes
Turn   | Place    | Note
-------+----------+-------------------------------------------
     0 | D:1      | Aapotti the Demigod Fire Elementalist began the quest for
                  | the Orb.
     0 | D:1      | Reached XP level 1. HP: 14/14 MP: 5/5
   176 | D:1      | Reached skill level 1 in Conjurations
   225 | D:1      | Reached skill level 3 in Fire Magic
   285 | D:1      | Reached XP level 2. HP: 20/20 MP: 0/7
  1238 | D:1      | Reached XP level 3. HP: 26/26 MP: 6/8
  1730 | D:2      | Learned a level 3 spell: Conjure Flame
  1879 | D:2      | Found Gozag's Platinum Reserve.
  2104 | D:2      | Found Tidek's Jewellery Emporium.
  2115 | D:2      | Noticed Terence
  2133 | D:2      | Killed Terence
  2354 | D:2      | Reached XP level 4. HP: 33/33 MP: 7/10
  2595 | D:3      | Noticed Natasha
  2604 | D:3      | Killed Natasha
  3024 | D:3      | Found a glowing drain.
  3063 | Sewer    | Entered a sewer
  3265 | Sewer    | Reached XP level 5. HP: 38/38 MP: 7/11
  3269 | Sewer    | Reached skill level 4 in Fire Magic
  3843 | Sewer    | Reached XP level 6. HP: 37/45 MP: 6/13
  4069 | D:3      | Noticed Jessica
  4075 | D:3      | Reached skill level 5 in Fire Magic
  4076 | D:3      | Killed Jessica
  4086 | D:3      | Noticed Natasha
  4097 | D:3      | Slain by an iron imp

Illustrated notes

Levels and vault maps discovered:
D:1:      sevenhm_arrival_forest_fort_large_4, layout_loops_ring,
          lexackson_kobold_supper
D:2:      layout_basic, nicolae_gozag_zags_fifth_avenue, old_standard_altar,
          xom_butterflies, serial_shops, shop, serial_forest,
          infiniplex_forest_clump_curved, infiniplex_forest_clump_diagonal,
          infiniplex_forest_zigzag_1, infiniplex_forest_lined_4_way,
          uniq_terence
D:3:      layout_rooms, gup_sewer_entry_bubbles, uniq_jessica,
          uniq_crazy_yiuf_cottage, uniq_natasha

Skill      XL: |  1  2  3  4  5  6 |
---------------+-------------------+-----
Conjurations   | 1 2 |  2.9
Fire Magic     | 3 4 5 |  5.1
Stealth        | 2 |  2.6
Dodging        | 2 |  2.4
Spellcasting   | 2 3 |  3.1

Action                   |  1- 3 |  4- 6 || total
-------------------------+-------+-------++-------
Melee: Short sword       |    38 |     6 ||    44
 Cast: Foxfire           |    68 |   116 ||   184
Evoke: Wand              |     2 |     6 ||     8
  Use: Scroll            |       |     8 ||     8
 Stab: Paralysed         |    10 |     3 ||    13
Armor: Robe              |     2 |     2 ||     4
Dodge: Dodged            |    26 |    10 ||    36

Table legend: (Time is in decaauts)
 A = Elapsed time spent in this place.
 B = Non-inter-level travel time spent in this place.
 C = Inter-level travel time spent in this place.
 D = Time resting spent in this place.
 E = Time spent auto-exploring this place.
 F = Levels seen in this place.
 G = Mean time per level.
                   A        B        C        D        E       F      G
               +--------+--------+--------+--------+--------+-----+--------+
         Total |   4171 |   4107 |     64 |   1532 |   1753 |   4 | 1042.8 |
       Dungeon |   3227 |   3163 |     64 |    937 |   1664 |   3 | 1075.7 |
         Sewer |    943 |    943 |      0 |    595 |     88 |   1 |  943.0 |
               +--------+--------+--------+--------+--------+-----+--------+

Top non-repeatable levels by time:
     D:1: 1719 daAuts
   Sewer: 943 daAuts
     D:2: 855 daAuts
     D:3: 652 daAuts
